 Dungeon Crawl Stone Soup version 0.20-a0-920-gb18bc0f (webtiles) character file.

18437 Goblin1989 the Cruncher (level 12, -1/76 HPs)
             Began as a Kobold Gladiator on Mar 25, 2017.
             Was a High Priest of Okawaru.
             Impaled on a porcupine's spines (10 damage)
             ... on level 1 of the Lair of Beasts.
             The game lasted 00:54:14 (17789 turns).

Goblin1989 the Cruncher (Kobold Gladiator)         Turns: 17789, Time: 00:54:14

Health: -1/76      AC: 18    Str: 27    XL:     12   Next: 95%
Magic:  14/14      EV: 24    Int:  8    God:    Okawaru [*****.]
Gold:   87         SH:  0    Dex: 17    Spells: 8/11 levels left

rFire    + . .     SeeInvis .   a - +0 quarterstaff (freeze)
rCold    + + .     Gourm    .   (shield currently unavailable)
rNeg     . . .     Faith    .   u - +0 chain mail
rPois    +         Spirit   .   c - +0 helmet
rElec    +         Reflect  .   E - +0 cloak
rCorr    .         Harm     .   (no gloves)
MR       +....     Clarity  +   y - +2 pair of boots "Jaoqoy" {*Drain rElec rF+ Str+6}
Stlth    ..........             (no amulet)
Regen    0.3/turn               w - ring of Xom's Flight of Fancy {rC+ MR+ Str+4 Dex+2}
MPRegen  0.2/turn               o - ring of poison resistance

@: heroism, very slightly contaminated, invisible
A: claws 1, hooves 1, repulsion field 1, carnivore 3, clarity, clumsy 1, cold
resistance 1, dopey 1, low mp 1, strong 1, no potion heal 1
a: Heroism, Finesse, Renounce Religion


You were on level 1 of the Lair of Beasts.
You worshipped Okawaru.
Okawaru was extremely pleased with you.
You were completely stuffed.

You visited 4 branches of the dungeon, and saw 15 of its levels.
You also visited: Sewer.

You collected 1037 gold pieces.
You spent 950 gold pieces at shops.

Inventory:

Hand Weapons
 a - a +0 quarterstaff of freezing (weapon)
 b - a +0 hand crossbow
 G - a +2 whip of venom
Missiles
 l - 135 bolts
 Z - 5 throwing nets (quivered) {!d, =f}
Armour
 c - a +0 helmet (worn)
 u - a +0 chain mail (worn)
 y - the +2 pair of boots "Jaoqoy" (worn) {*Drain rElec rF+ Str+6}
   (You bought it in a shop on level 10 of the Dungeon)

   It affects your strength (+6).
   It protects you from fire.
   It insulates you from electricity.
   It causes draining when unequipped.
 E - a +0 cloak (worn)
Jewellery
 g - an uncursed ring of resist corrosion
 o - a ring of poison resistance (right claw)
 w - the ring of Xom's Flight of Fancy (left claw) {rC+ MR+ Str+4 Dex+2}
   (You found it on level 6 of the Dungeon)

   [ring of protection from magic]

   It affects your strength (+4).
   It affects your dexterity (+2).
   It protects you from cold.
   It affects your resistance to hostile enchantments.
Wands
 i - a wand of digging (1/24)
 C - a wand of confusion (1/48)
 H - a wand of clouds (5/9)
Scrolls
 e - 3 scrolls of recharging
 h - 7 scrolls of teleportation {!r, @r3}
 j - a scroll of fear
 k - a scroll of enchant armour
 m - 5 scrolls of magic mapping
 n - 4 scrolls of enchant weapon
 p - 9 scrolls of identify {@r1}
 r - 2 scrolls of immolation
 t - 10 scrolls of remove curse {@r2}
 v - 3 scrolls of fog
Potions
 q - a potion of resistance
Comestibles
 d - 2 chunks of flesh
 f - 4 meat rations {@e2}
 A - 3 royal jellies


   Skills:
 + Level 9.1(14.1) Fighting
 * Level 10.8(15.8) Staves
 - Level 10.0(15.0) Crossbows
 - Level 2.1(7.1) Throwing
 + Level 6.7(11.7) Armour
 + Level 10.4(15.4) Dodging
 - Level 5.0 Invocations


You had 8 spell levels left.
You knew the following spells:

 Your Spells              Type           Power        Failure   Level  Hunger
R - Regeneration          Chrm/Necr      #.........   100%        3    ####...


Dungeon Overview and Level Annotations

Branches:
Dungeon (12/15)            Temple (1/1) D:6            Lair (1/6) D:11
    Orc (1/2) D:10

Altars:
Ashenzari
Cheibriados
Dithmenos
Elyvilon
Fedhas
Gozag
Hepliaklqana
Kikubaaqudgha
Makhleb
Nemelex Xobeh
Okawaru
Qazlal
Ru
Sif Muna
Trog
Uskayaw
Vehumet
Wu Jian
Xom
Yredelemnul
Zin
The Shining One

Shops:
D:5 *   D:7 ??   D:9 (   D:10 [

Annotations:
Lair:1 exclusion: oklob plant


Innate Abilities, Weirdness & Mutations

You are small and have problems with some larger weapons.
You are carnivorous and can eat meat at any time.
You have sharp fingernails.
You have large cloven feet.
You are surrounded by a mild repulsion field. (EV +2)
You possess an exceptional clarity of mind.
You are clumsy. (Dex -2)
Your flesh is cold resistant. (rC+)
You are dopey. (Int -2)
Your magical capacity is low. (-10% MP)
Your muscles are strong. (Str +2)
Potions are less effective at restoring your health.


Message History

Okay, then.
A porcupine comes into view.
The spiny frog completely misses you. The porcupine barely misses you.
You see here 16 stones.
The spiny frog barely misses you.
You gain the combat prowess of a mighty hero.
You can no longer speed up your combat.
Okawaru will no longer gift you equipment.
The porcupine twitches its whiskers.
The porcupine misses you. The spiny frog closely misses you.
The porcupine bites you but does no damage.
You now have 12/14 mp.
The porcupine barely misses you. The spiny frog barely misses you.
The spiny frog misses you. The porcupine misses you.
Evoke which item? (* to show all) (? for menu, Esc to quit)
Aiming: Dig (will waste charges)
Press: ? - help, Shift-Dir - straight line, f - you Sorry, you can't target yourself.
Okay, then.
Unknown command.
Evoke which item? (* to show all) (? for menu, Esc to quit)
Aiming: Dig (will waste charges)
Press: ? - help, Shift-Dir - straight line The rock shatters into small pieces.
Evoking this partially-identified wand wasted a few charges.
The porcupine barely misses you. The spiny frog completely misses you.
Found a stone staircase leading down.
Okay, then.
You hit the spiny frog but do no damage.
The spiny frog stings you!
* * * LOW HITPOINT WARNING * * *
You take 13 damage, and have 3/76 hp.
Your system partially rejects the healing.
You feel better. The spiny frog completely misses you.
You regained 4 hp, and now have 7/76 hp.
Okay, then.
Press: ? - help, v - describe, . - travel
Here: a spiny frog The floor.
You fade into invisibility!
The spiny frog misses you.
You are very lightly contaminated with residual magic.
Evoke which item? (* to show all) (? for menu, Esc to quit)
Aiming: Confuse (will waste charges)
Press: ? - help, Shift-Dir - straight line, f - spiny frog
Aim: a spiny frog (chance to defeat MR: 46%)
The spiny frog appears confused.
Evoking this partially-identified wand wasted a few charges.
The spiny frog completely misses you.
You strike the helpless spiny frog from behind!
You sock the spiny frog! You freeze the spiny frog.
The spiny frog is moderately wounded.
The spiny frog stings the hippogriff!
The hippogriff looks as sick as possible!
The spiny frog poisons the hippogriff!
The hippogriff screeches!
MP restored: 14 You thump the spiny frog!
The spiny frog seems to slow down.
You freeze the spiny frog.
The spiny frog is severely wounded.
You hit the spiny frog but do no damage.
The spiny frog is severely wounded.
The spiny frog misses you.
You strike the helpless spiny frog from behind!
You hit the spiny frog.
The spiny frog seems to slow down.
You freeze the spiny frog.
The spiny frog is almost dead.
You hit the spiny frog but do no damage.
The spiny frog is almost dead.
The spiny frog stings the hippogriff!
The hippogriff looks as sick as possible!
The spiny frog poisons the hippogriff!
The hippogriff screeches!
You strike the helpless spiny frog from behind!
You hit the spiny frog. You freeze the spiny frog.
You kill the spiny frog!
Okawaru accepts your kill.
You thump the hippogriff! You freeze the hippogriff.
The hippogriff is almost dead.
You thump the hippogriff! You freeze the hippogriff.
You kill the hippogriff!
Okawaru accepts your kill.
You can now speed up your combat.
Okawaru will gift you equipment as your piety grows.
Unknown command.
The porcupine misses you.
You closely miss the porcupine.
A six-headed hydra comes into view.
The porcupine misses you.
You are struck by the porcupine's spines.
* * * LOW HITPOINT WARNING * * *
You hit the porcupine. You freeze the porcupine.
The porcupine is lightly wounded.
The porcupine completely misses you.
You take 1 damage, and have 9/76 hp.
You are struck by the porcupine's spines.
You die...

█.....█.....(...█.█P.█...
... █..........█.........
....█.?█.......█.......≈.
██........█......;.<.≈≈≈
█..D...██........≈..≈≈≈≈
█.█P...██.......≈≈≈≈≈≈≈≈
█████.██....█≈≈≈≈≈≈≈≈≈
██r█....█.≈≈≈≈≈≈≈≈
█@█.███...≈≈≈≈≈≈≈.
█........█.██....≈≈≈≈≈≈.
██.....>.██.█...........
█████...█ █.. .█.██ █..
██.██ █.█ █ ..


You could see a porcupine.

Vanquished Creatures
  A stone giant (Orc:1)
  2 two-headed ogres
  2 death yaks
  An unseen horror (D:11)
  Pikel (D:6)
  2 orc knights
  2 ugly things
  A cyclops (D:11)
  A spiny frog (Lair:1)
  3 trolls
  A hornet (D:11)
  3 hippogriffs
  2 wyverns
  A wraith (D:11)
  Sigmund (D:6)
  Grum (D:8)
  17 yaks
  2 hungry ghosts
  Purgy (Sewer)
  9 orc warriors
  3 black bears
  An eye of draining (D:9)
  A phantom (Temple)
  2 sky beasts
  An ice beast (D:7)
  A slave (D:6)
  2 wolves (D:8)
  8 ogres
  5 centaurs
  A big kobold (D:11)
  7 bullfrogs
  A gnoll sergeant (D:8)
  9 scorpions
  5 killer bees (D:9)
  14 wights
  2 jellies
  4 crimson imps
  2 centaur zombies
  2 bullfrog zombies (D:7)
  10 hounds
  4 bullfrog skeletons
  6 orc priests
  5 iguanas
  14 orc wizards
  2 centaur skeletons
  2 worker ants
  2 howler monkey zombies
  A worker ant zombie (D:8)
  15 gnolls
  12 adders
  A shadow imp (D:9)
  2 oozes
  4 adder skeletons
  2 worms (D:2)
  2 dart slugs
  10 leopard geckos
  62 orcs
  9 bats
  6 giant cockroaches
  3 goblins
  7 hobgoblins
  10 jackals
  14 kobolds
  6 quokkas
  A ball python skeleton (D:4)
  8 frilled lizards
  A jackal zombie (D:5)
  A leopard gecko skeleton (D:6)
  A leopard gecko zombie (D:7)
  3 quokka skeletons
  A quokka zombie (D:7)
  5 rats
357 creatures vanquished.

Notes
Turn   | Place    | Note
-------+----------+-------------------------------------------
     0 | D:1      | Goblin1989 the Kobold Gladiator began the quest for the Orb.
     0 | D:1      | Reached XP level 1. HP: 12/12 MP: 1/1
    75 | D:1      | Reached XP level 2. HP: 15/18 MP: 2/2
   537 | D:1      | Reached XP level 3. HP: 12/22 MP: 3/3
   728 | D:1      | Reached skill level 1 in Armour
   853 | D:1      | Found a sparkling altar of Nemelex Xobeh.
  1069 | D:2      | Reached XP level 4. HP: 11/27 MP: 4/4
  2121 | D:3      | Found a sacrificial altar of Ru.
  2192 | D:3      | Reached XP level 5. HP: 32/32 MP: 5/5
  2203 | D:3      | Found a burning altar of Makhleb.
  2271 | D:3      | Found a basalt altar of Yredelemnul.
  2736 | D:4      | Found a glowing drain.
  2771 | Sewer    | Entered a sewer
  2893 | Sewer    | Reached XP level 6. HP: 28/37 MP: 6/6
  3033 | Sewer    | Noticed Purgy
  3042 | Sewer    | Killed Purgy
  3178 | D:5      | Entered Level 5 of the Dungeon
  3314 | D:5      | Found a snail-covered altar of Cheibriados.
  3378 | D:5      | Reached skill level 5 in Dodging
  3417 | D:5      | Learned a level 3 spell: Regeneration
  3614 | D:5      | Reached XP level 7. HP: 28/42 MP: 7/7
  3982 | D:5      | Reached skill level 5 in Staves
  4029 | D:5      | Found a glowing silver altar of Zin.
  4618 | D:5      | Found Tata's Assorted Antiques.
  4622 | D:5      | Found a shadowy altar of Dithmenos.
  4626 | D:5      | Bought a scroll labeled GIRAMENAAFYI for 31 gold pieces
  4626 | D:5      | Bought a scroll labeled ILIHEG HIOGOFUNO for 31 gold pieces
  4626 | D:5      | Bought a scroll labeled GESOMI SURPHU for 31 gold pieces
  4626 | D:5      | Bought a scroll labeled WUROUT XUETZE for 31 gold pieces
  4897 | D:4      | Reached XP level 8. HP: 41/48 MP: 8/8
  5123 | D:4      | HP: 2/48 [poisoned by a scorpion]
  5954 | D:5      | Gained mutation: Your muscles are strong. (Str +2) [potion of mutation]
  5954 | D:5      | Gained mutation: You possess an exceptional clarity of mind. [potion of mutation]
  6355 | D:6      | Reached skill level 5 in Fighting
  6472 | D:6      | Found an ornate altar of the Wu Jian Council.
  6491 | D:6      | Got an ancient granite ring
  6605 | D:6      | Found a staircase to the Ecumenical Temple.
  6618 | Temple   | Entered the Ecumenical Temple
  6967 | Temple   | Became a worshipper of Warmaster Okawaru
  7051 | D:6      | Noticed Pikel
  7107 | D:7      | Found Sento's Magic Scroll Boutique.
  7122 | D:7      | Reached skill level 1 in Crossbows
  7133 | D:7      | Bought a scroll of teleportation for 39 gold pieces
  7133 | D:7      | Bought a scroll of identify for 26 gold pieces
  7133 | D:7      | Bought a scroll of magic mapping for 45 gold pieces
  7133 | D:7      | Bought a scroll of fog for 26 gold pieces
  7133 | D:7      | Bought a scroll of random uselessness for 13 gold pieces
  7137 | D:7      | Identified the ring of Xom's Flight of Fancy {rC+ MR+ Str+4 Dex+2} (You found it on level 6 of the Dungeon)
  7277 | D:7      | Reached XP level 9. HP: 41/54 MP: 9/9
  7372 | D:7      | Found Ycout's Magic Scroll Shoppe.
  8106 | D:8      | Reached * piety under Okawaru
  8218 | D:8      | Noticed Grum
  8275 | D:8      | Killed Grum
  8296 | D:8      | Gained mutation: Your flesh is cold resistant. (rC+) [mutagenic meat]
  8297 | D:8      | Gained mutation: Potions are less effective at restoring your health. [mutagenic meat]
  8298 | D:8      | Gained mutation: You are surrounded by a mild repulsion field. (EV +2) [mutagenic meat]
  8300 | D:8      | Gained mutation: You are dopey. (Int -2) [mutagenic meat]
  8777 | D:8      | Reached skill level 5 in Crossbows
  9130 | D:9      | Reached XP level 10. HP: 50/60 MP: 10/10
  9256 | D:9      | Reached ** piety under Okawaru
  9256 | D:9      | Reached skill level 1 in Invocations
  9864 | D:9      | Found Qakh's Antique Weapon Shoppe.
 10129 | D:9      | Found a radiant altar of Vehumet.
 10178 | D:9      | Noticed a two-headed ogre
 10205 | D:9      | Killed a two-headed ogre
 10205 | D:9      | Reached *** piety under Okawaru
 10386 | D:8      | Found a shattered altar of Ashenzari.
 10386 | D:8      | Found a hazy altar of Hepliaklqana.
 10636 | D:8      | Found a glowing golden altar of the Shining One.
 11083 | D:6      | Noticed Sigmund
 11094 | D:6      | Killed Sigmund
 11094 | D:6      | Reached skill level 5 in Armour
 11156 | D:6      | Killed Pikel
 11156 | D:6      | Received a gift from Okawaru
 11156 | D:6      | Reached XP level 11. HP: 66/67 MP: 11/13
 11243 | D:6      | Found a sparkling altar of Nemelex Xobeh.
 11916 | D:10     | Entered Level 10 of the Dungeon
 12032 | D:10     | Received a gift from Okawaru
 12116 | D:10     | Noticed an orc knight
 12370 | D:10     | Killed an orc knight
 12501 | D:7      | Bought a scroll of blinking for 105 gold pieces
 12501 | D:7      | Bought a scroll of fear for 49 gold pieces
 12501 | D:7      | Bought a scroll of immolation for 49 gold pieces
 12501 | D:7      | Bought a scroll of amnesia for 49 gold pieces
 12616 | D:10     | Found Uvetien's Armour Emporium.
 12618 | D:10     | Found a staircase to the Orcish Mines.
 12880 | D:10     | Reached **** piety under Okawaru
 13221 | D:11     | Noticed a two-headed ogre
 13231 | D:11     | Killed a two-headed ogre
 13282 | D:11     | Noticed a green ugly thing
 13283 | D:11     | Noticed a death yak
 13577 | Orc:1    | Entered Level 1 of the Orcish Mines
 13641 | Orc:1    | Noticed an orc knight
 13855 | Orc:1    | Killed an orc knight
 14386 | Orc:1    | Noticed a stone giant
 14423 | Orc:1    | Killed a stone giant
 14423 | Orc:1    | Reached XP level 12. HP: 13/73 MP: 11/14
 14814 | D:10     | Bought the +2 pair of boots "Jaoqoy" {*Drain rElec rF+ Str+6} for 425 gold pieces
 14923 | D:11     | Gained mutation: You have sharp fingernails. [mutagenic meat]
 14924 | D:11     | Gained mutation: You are clumsy. (Dex -2) [mutagenic meat]
 14925 | D:11     | Gained mutation: Your magical capacity is low. (-10% MP) [mutagenic meat]
 14926 | D:11     | Gained mutation: You have large cloven feet. [mutagenic meat]
 15065 | D:11     | Reached skill level 10 in Staves
 15065 | D:11     | Reached skill level 10 in Crossbows
 15456 | D:11     | Reached ***** piety under Okawaru
 15527 | D:11     | Found a staircase to the Lair.
 15528 | D:11     | Noticed a death yak
 15542 | D:11     | Noticed a death yak
 15546 | D:11     | Noticed a death yak
 15548 | D:11     | Noticed a death yak
 15550 | D:11     | Noticed a death yak
 15553 | D:11     | Noticed a death yak
 15554 | D:11     | Noticed a death yak
 15557 | D:11     | Killed a death yak
 15760 | D:10     | Killed a death yak
 15760 | D:10     | Reached skill level 10 in Dodging
 16127 | D:11     | Noticed a yaktaur captain
 16128 | D:11     | Noticed a fire dragon
 16733 | D:11     | HP: 3/75 [wraith (7)]
 17102 | D:11     | Killed an unseen horror
 17102 | D:11     | Reached skill level 5 in Invocations
 17239 | D:11     | Received a gift from Okawaru
 17751 | Lair:1   | Entered Level 1 of the Lair of Beasts
 17751 | Lair:1   | Found a hide-covered altar of Uskayaw.
 17771 | Lair:1   | HP: 3/76 [spiny frog (13)]
 17786 | Lair:1   | Noticed a six-headed hydra
 17789 | Lair:1   | Impaled on a porcupine's spines

Vault maps used:
D:1:      dpeg_arrival_tiny_j, hangedman_glass_teeth,
          nemelex_diamond_rough_becter
D:2:      serial_forest, infiniplex_forest_straight_2,
          infiniplex_forest_clump_C, infiniplex_forest_corner_1,
          infiniplex_forest_clump_double, infiniplex_forest_lined_room_,
          infiniplex_forest_lined_3, infiniplex_forest_clump_long,
          infiniplex_forest_lined_3, infiniplex_forest_clump_tiny,
          infiniplex_forest_straight_2
D:3:      makhleb_blood_cavern_becter, overflow_temple_1_default,
          nicolae_ru_the_path_less_chosen
D:4:      portal_sewer_entry_f, first_bread
D:5:      kennysheep_little_box, serial_shops, shop, basic_altar,
          minmay_parallelograms, cheibriados_altar_1
D:6:      temple_green, serial_curves, eino_curves_03, eino_curves_01,
          eino_curves_01, basic_altar, nemelex_spade_bored_becter, uniq_sigmund,
          uniq_pikel
D:7:      serial_shops, shop_fountains, shop
D:8:      nicolae_tso_carved_into_rock, gammafunk_temple_overflow_wave,
          uniq_grum
D:9:      kennysheep_mini_moat, serial_shops, shop
D:10:     orc_david_3
D:11:     minmay_mutant_horseshoe, dpeg_lair_monsters
D:12:     grunt_tengu_nest
Temple:   regret_index_temple_generic_petals
Lair:1:   lemuel_oklob_altar, infiniplex_staircase_pool, grunt_megastairs_4
Sewer:    sewer_the_crocodile

Skill      XL: |  1  2  3  4  5  6  7  8  9 10 11 12 |
---------------+-------------------------------------+-----
Armour         | 1 2 3 4 5 6 |  6.7
Staves         | 3 4 5 6 7 8 9 10 | 10.8
Dodging        | 4 5 6 7 8 9 10 | 10.4
Fighting       | 3 4 5 6 7 8 9 |  9.1
Crossbows      | 2 5 7 9 10 | 10.0
Invocations    | 3 5 |  5.0
Throwing       | |  2.1

Action                   |  1- 3 |  4- 6 |  7- 9 | 10-12 || total
-------------------------+-------+-------+-------+-------++-------
Melee: Quarterstaff      |   114 |   168 |   568 |  1027 ||  1877
 Fire: Hand crossbow     |       |     4 |       |    25 ||    29
Throw: Throwing net      |       |       |       |     1 ||     1
Invok: Heroism           |       |       |     6 |    36 ||    42
       Finesse           |       |       |       |     1 ||     1
Evoke: Wand              |       |       |       |     5 ||     5
  Use: Potion            |       |     1 |     6 |     9 ||    16
       Scroll            |       |       |     2 |    12 ||    14
 Stab: Sleeping          |     1 |       |       |       ||     1
       Invisible         |       |     1 |       |     3 ||     4
  Eat: Chunk             |     9 |     8 |    23 |    39 ||    79
Armor: Leather armour    |    26 |    23 |       |       ||    49
       Ring mail         |       |    26 |   127 |    24 ||   177
       Chain mail        |       |       |       |   204 ||   204
Dodge: Dodged            |   109 |   197 |   487 |   750 ||  1543

Vault maps used:
D:1:      dpeg_arrival_tiny_j, hangedman_glass_teeth,
          nemelex_diamond_rough_becter
D:2:      serial_forest, infiniplex_forest_straight_2,
          infiniplex_forest_clump_C, infiniplex_forest_corner_1,
          infiniplex_forest_clump_double, infiniplex_forest_lined_room_,
          infiniplex_forest_lined_3, infiniplex_forest_clump_long,
          infiniplex_forest_lined_3, infiniplex_forest_clump_tiny,
          infiniplex_forest_straight_2
D:3:      makhleb_blood_cavern_becter, overflow_temple_1_default,
          nicolae_ru_the_path_less_chosen
D:4:      portal_sewer_entry_f, first_bread
D:5:      kennysheep_little_box, serial_shops, shop, basic_altar,
          minmay_parallelograms, cheibriados_altar_1
D:6:      temple_green, serial_curves, eino_curves_03, eino_curves_01,
          eino_curves_01, basic_altar, nemelex_spade_bored_becter, uniq_sigmund,
          uniq_pikel
D:7:      serial_shops, shop_fountains, shop
D:8:      nicolae_tso_carved_into_rock, gammafunk_temple_overflow_wave,
          uniq_grum
D:9:      kennysheep_mini_moat, serial_shops, shop
D:10:     orc_david_3
D:11:     minmay_mutant_horseshoe, dpeg_lair_monsters
D:12:     grunt_tengu_nest
Temple:   regret_index_temple_generic_petals
Lair:1:   lemuel_oklob_altar, infiniplex_staircase_pool, grunt_megastairs_4
Sewer:    sewer_the_crocodile
